 Dungeon Crawl Stone Soup version bcrawl-1.19.2-6-g6a88ae04c9 (webtiles) character file.

Game seed: 3974704102542346442

1369 Mrkan the Cleaver (level 8, -9/71 HPs)
             Began as a Minotaur Fighter on Dec 29, 2019.
             Was a Believer of Trog.
             Mangled by a black bear (17 damage)
             ... on level 6 of the Dungeon.
             The game lasted 00:06:02 (4831 turns).

Mrkan the Cleaver (Minotaur Fighter)                Turns: 4831, Time: 00:06:03

Health: -9/71      AC: 11    Str: 20    XL:     8   Next: 38%
Magic:  7/7        EV:  8    Int:  5    God:    Trog [**....]
Gold:   378        SH: 10    Dex: 13    Spells: 7/7 levels left

rFire    + + .     SeeInvis .   n - +0 hand axe (freeze)
rCold    x . .     Gourm    .   c - +0 shield
rNeg     . . .     Faith    .   w - +0 fire dragon scales
rPois    .         Spirit   .   H - +1 hat
rElec    .         Reflect  .   (no cloak)
rCorr    .         Harm     .   (no gloves)
MR       .....                  (no boots)
Stlth    ..........             (no amulet)
HPRegen  0.21/turn              i - +1 ring of evasion
MPRegen  0.10/turn              (no ring)

@: lethally poisoned (-9 -> -13)
A: retaliatory headbutt, horns 2
a: Berserk, Trog's Hand, Renounce Religion


You were on level 6 of the Dungeon.
You worshipped Trog.
Trog was pleased with you.
You were not hungry.

You visited 1 branch of the dungeon, and saw 6 of its levels.
You also visited: Sewer.

You collected 378 gold pieces.

Inventory:

Hand Weapons
 a - a +0 war axe
 n - a +0 hand axe of freezing (weapon)
 C - the +9 dagger "No More Talking" {pain, Int+7, unknown}
   (You found it on level 5 of the Dungeon)

   In the hands of one skilled in necromantic magic, it inflicts extra damage on
   living creatures.
   It affects your intelligence (+7).
 D - the +5 arbalest of Division {penet, rN+, unknown}
   (You found it on level 5 of the Dungeon)

   Ammo fired by it will pass through the targets it hits, potentially hitting
   all targets in its path until it reaches maximum range.
   It protects you from negative energy.
Armour
 c - a +0 shield (worn)
 w - +0 fire dragon scales (worn)
 H - a +1 hat (worn)
Jewellery
 i - a +1 ring of evasion (left hand)
 j - a +3 ring of evasion
 z - an uncursed ring of positive energy {unknown}
 F - a cursed ring of attention {unknown}
 G - an uncursed ring of flight {unknown}
Wands
 x - a wand of acid (5)
Scrolls
 b - a scroll of enchant armour {unknown}
 k - 5 scrolls of remove curse {unknown}
 l - 6 scrolls of identify {unknown}
 o - 3 scrolls of fear {unknown}
 q - 2 scrolls of enchant weapon {unknown}
 s - 2 scrolls of magic mapping {unknown}
 t - a scroll of immolation {unknown}
 u - 5 scrolls of teleportation {unknown}
 y - 3 scrolls of fog {unknown}
Potions
 d - 2 potions of might
 e - a potion of mutation {unknown}
 g - a potion of curing
 h - 3 potions of haste {unknown}
 m - 3 potions of invisibility {unknown}
 p - 2 potions of agility {unknown}
 r - a potion of heal wounds {unknown}
 v - 4 potions of flight {unknown}
 A - 2 potions of degeneration {unknown}
 B - a potion of berserk rage {unknown}
Comestibles
 f - 5 rations {!d}


   Skills:
 + Level 6.6 Fighting
 * Level 8.1 Axes
 + Level 6.6 Armour
 + Level 6.5 Shields


You had 7 spell levels left.
You didn't know any spells.
Your spell library was empty.

Dungeon Overview and Level Annotations

Branches:
Dungeon (6/12)
 Temple: D:4-7

Altars:
Gozag
Hepliaklqana
Qazlal
Trog

Shops:
D:4 [   D:5 *


Innate Abilities, Weirdness & Mutations

You reflexively headbutt those who attack you in melee.
You have a pair of horns on your head.


Message History

The howler monkey hits you but does no damage.
You hit the black bear. You freeze the black bear.
The black bear is heavily wounded.
You hit the howler monkey but do no damage.
You hit the worker ant. You freeze the worker ant.
You kill the worker ant!
Trog accepts your kill.
You feel sick.
The black bear bites you but does no damage.
The black bear claws you but does no damage. x2
You block the howler monkey's attack.
You slash the black bear! You freeze the black bear.
The black bear is almost dead.
You barely miss the howler monkey.
You feel sick.
The black bear goes berserk!
The howler monkey closely misses you.
A shadow imp comes into view.
You barely miss the black bear.
The black bear is almost dead.
You barely miss the howler monkey. The black bear bites you!
You die...

#.....#
#.5...#
#.....#
#....<#
#.....#
#.....#
#....(#
+.h)..#
#.[@†.#
##.h..#
......#
...#....#
..........#
.#...#....#
..........#
#### #....#


You could see a black bear (berserk), a howler monkey and a shadow imp.

Vanquished Creatures
  A hippogriff (D:5)
  An orc warrior (D:6)
  A sky beast (D:5)
  A phantom (D:4)
  The ghost of Mrkan the Skirmisher, an amateur GrFi (D:3)
  A howler monkey (D:5)
  4 crimson imps
  A bullfrog zombie (D:5)
  A hound (D:4)
  3 orc priests
  2 orc wizards
  Natasha (thrice) (D:4)
  An iguana (D:4)
  4 worker ants
  A hound zombie (D:5)
  7 gnolls (D:5)
  6 adders
  A shadow imp (D:5)
  An adder zombie (D:3)
  An adder skeleton (D:5)
  5 worms
  A dart slug (D:2)
  3 leopard geckos
  16 orcs
  3 ball pythons
  6 giant cockroaches
  6 goblins
  6 hobgoblins
  7 jackals
  2 quokkas
  8 bats
  3 frilled lizards
  14 kobolds
  4 rats
126 creatures vanquished.

Notes
Turn   | Place    | Note
-------+----------+-------------------------------------------
     0 | D:1      | Mrkan the Minotaur Fighter began the quest for the Orb.
     0 | D:1      | Reached XP level 1. HP: 19/19 MP: 0/0
   503 | D:1      | Reached XP level 2. HP: 24/27 MP: 1/1
   565 | D:1      | Reached skill level 3 in Axes
   684 | D:2      | Reached XP level 3. HP: 27/33 MP: 2/2
   934 | D:2      | Found a bloodstained altar of Trog.
   946 | D:2      | Became a worshipper of Trog the Wrathful
  1281 | D:2      | Reached XP level 4. HP: 38/40 MP: 3/3
  1921 | D:3      | Found a runed translucent gate.
  1925 | D:3      | Found a runed translucent gate.
  1925 | D:3      | Found a runed translucent gate.
  1951 | D:3      | Found an opulent altar of Gozag.
  1953 | D:3      | Noticed Mrkan's ghost (amateur GrFi)
  1970 | D:3      | Found a glowing drain.
  1974 | D:3      | Reached skill level 4 in Axes
  1985 | Sewer    | Entered a sewer
  2397 | D:3      | Reached XP level 5. HP: 41/47 MP: 4/4
  2398 | D:3      | Reached * piety under Trog
  2576 | D:3      | Found a stormy altar of Qazlal.
  2729 | D:3      | Killed Mrkan's ghost
  2929 | D:4      | Reached skill level 5 in Axes
  2947 | D:4      | Noticed Natasha
  2954 | D:4      | Killed Natasha
  2954 | D:4      | Reached XP level 6. HP: 42/55 MP: 5/5
  3004 | D:4      | Found Emiros's Antique Armour Shop.
  3021 | D:4      | Reached skill level 5 in Fighting
  3021 | D:4      | Reached skill level 5 in Armour
  3023 | D:4      | Reached skill level 5 in Shields
  3127 | D:4      | Noticed Natasha
  3135 | D:4      | Killed Natasha
  3138 | D:4      | Noticed Natasha
  3147 | D:4      | Killed Natasha
  3193 | D:4      | Reached skill level 6 in Axes
  3193 | D:4      | Reached XP level 7. HP: 60/61 MP: 6/6
  3282 | D:4      | Found a stormy altar of Qazlal.
  3527 | D:5      | Entered Level 5 of the Dungeon
  3527 | D:5      | Found Durihu's Assorted Antiques.
  3802 | D:5      | Got an encrusted arbalest
  3840 | D:5      | Reached ** piety under Trog
  3840 | D:5      | Reached skill level 7 in Axes
  3903 | D:5      | Got a shimmering dagger
  3999 | D:5      | Noticed a hippogriff
  4013 | D:5      | Killed a hippogriff
  4013 | D:5      | Reached XP level 8. HP: 9/70 MP: 7/7
  4019 | D:5      | HP: 1/70 [orc priest/+0 club (4)]
  4787 | D:5      | Found a hazy altar of Hepliaklqana.
  4823 | D:6      | Reached skill level 8 in Axes
  4831 | D:6      | Mangled by a black bear

Skill      XL: |  1  2  3  4  5  6  7  8 |
---------------+-------------------------+-----
Axes           | 3 4 5 6 7 8 |  8.1
Fighting       | 4 5 6 |  6.6
Armour         | 4 5 6 |  6.6
Shields        | 4 5 6 |  6.5

Action                   |  1- 3 |  4- 6 |  7- 9 || total
-------------------------+-------+-------+-------++-------
Melee: War axe           |    64 |       |       ||    64
       Headbutt          |    12 |    24 |    29 ||    65
       Hand axe          |    20 |   175 |   126 ||   321
  Use: Potion            |       |     1 |     1 ||     2
  Eat: Chunk             |     1 |     7 |     5 ||    13
Armor: Scale mail        |    10 |       |       ||    10
       Chain mail        |    22 |    71 |       ||    93
       Fire dragon scale |       |    31 |    51 ||    82
Dodge: Dodged            |    26 |    47 |    44 ||   117
Block: Shield            |    63 |   106 |    63 ||   232
